 Dungeon Crawl Stone Soup version 0.29-a0-1009-g60c99734e7 (webtiles) character file.

Game seed: 4224886541493653159

83 nickcage the Cudgeller (level 4, -7/41 HPs)
             Began as a Gnoll Cinder Acolyte on Aug 8, 2022.
             Was a High Priest of Ignis.
             Mangled by Sigmund
             ... wielding a +0 scythe
              (9 damage)
             ... on level 2 of the Dungeon.
             The game lasted 00:03:58 (2269 turns).

nickcage the Cudgeller (Gnoll Cinder Acolyte)       Turns: 2269, Time: 00:03:59

Health: -7/41      AC:  3    Str: 16    XL:     4   Next: 44%
Magic:  8/8        EV: 11    Int: 13    God:    Ignis [*****.]
Gold:   24         SH:  0    Dex:  7    Spells: 6/9 levels left

rFire   + . .      SeeInvis .   a - +0 mace (flame)
rCold   . . .      Faith    .   (no shield)
rNeg    . . .      Spirit   .   b - +1 robe
rPois   .          Reflect  .   (no helmet)
rElec   .          Harm     .   (no cloak)
rCorr   .          Rampage  .   (no gloves)
Will    .....                   (no boots)
Stlth   +.........              (no amulet)
HPRegen 0.13/turn               (no ring)
MPRegen 0.11/turn               (no ring)

@: no status effects
A: fangs 1, strong nose, distributed training
a: Renounce Religion, Fiery Armour, Foxfire Swarm, Rising Flame


You were on level 2 of the Dungeon.
You worshipped Ignis.
Ignis was extremely pleased with you.
You visited 1 branch of the dungeon, and saw 2 of its levels.

You collected 24 gold pieces.

Inventory:

Hand Weapons
 a - a +0 mace of flaming (weapon)
Missiles
 c - a javelin
 g - 2 poisoned darts (quivered)
Armour
 b - a +1 robe (worn)
Wands
 j - a wand of polymorph (5)
Scrolls
 h - a scroll of vulnerability
Potions
 d - a potion of invisibility {unknown}
 e - 2 potions of might {unknown}
 f - 4 potions of flight
 i - a potion of attraction {unknown}
 k - a potion of haste {unknown}


   Skills:
 + Level 6.6 Fighting
 + Level 1.2 Short Blades
 + Level 1.2 Long Blades
 + Level 1.2 Axes
 + Level 6.6 Maces & Flails
 + Level 1.2 Polearms
 + Level 1.2 Staves
 + Level 1.2 Ranged Weapons
 + Level 1.2 Throwing
 + Level 1.2 Armour
 + Level 1.2 Dodging
 + Level 1.2 Stealth
 + Level 1.2 Shields
 + Level 1.2 Unarmed Combat
 + Level 3.0 Spellcasting
 + Level 1.0 Conjurations
 + Level 1.0 Hexes
 + Level 1.0 Summonings
 + Level 1.0 Necromancy
 + Level 1.0 Translocations
 + Level 1.0 Transmutations
 + Level 5.5 Fire Magic
 + Level 1.0 Ice Magic
 + Level 1.0 Air Magic
 + Level 1.0 Earth Magic
 + Level 1.0 Poison Magic
 + Level 1.3 Invocations
 + Level 1.2 Evocations


You had 6 spell levels left.
You knew the following spells:

 Your Spells              Type           Power      Damage    Failure   Level
a - Call Canine Familiar  Summ           4%         N/A       41%         3

Your spell library contained the following spells:

 Spells                   Type           Power      Damage    Failure   Level
 Scorch                   Fire           32%        2d7       3%          2
 Portal Projectile        Hex/Tloc       8%         N/A       41%         3
 Leda's Liquefaction      Hex/Erth       2%         N/A       83%         4
 Freezing Cloud           Conj/Ice/Air   2%         6-21      99%         5
 Simulacrum               Ice/Necr       2%         N/A       100%        6
 Polar Vortex             Ice            2%         N/A       100%        9


Dungeon Overview and Level Annotations

Branches:
Dungeon (2/15)

Altars:

Shops:
D:1 *

Annotations:
D:2 Sigmund


Innate Abilities, Weirdness & Mutations

You have very sharp teeth.
Your uncanny sense of smell can sniff out nearby items.
Your experience applies equally to all skills.


Message History

You resist with some effort. The goblin hits you but does no damage.
You closely miss Sigmund. Sigmund hits you with a +0 scythe!
The goblin hits you with a +0 dagger. The goblin attacks as you move away!
The goblin hits you with a +0 dagger. The goblin attacks as you move away!
The goblin hits you but does no damage. The goblin attacks as you move away!
The goblin barely misses you. The goblin attacks as you move away!
The goblin hits you with a +0 dagger. The goblin attacks as you move away!
The goblin hits you with a +0 dagger. The goblin attacks as you move away!
The goblin hits you with a +0 dagger.
Sigmund casts a spell.
Sigmund flickers and vanishes!
Deactivating autopickup; reactivate with Ctrl-A.
The goblin attacks as you move away! The goblin closely misses you.
The goblin attacks as you move away! The goblin hits you with a +0 dagger.
The goblin attacks as you move away! The goblin hits you with a +0 dagger.
* * * LOW HITPOINT WARNING * * *
The goblin attacks as you move away! The goblin misses you.
You see here a +0 flail.
You barely miss the goblin. Your bite misses the goblin.
The goblin hits you with a +0 dagger.
* * * LOW HITPOINT WARNING * * *
You closely miss the goblin. The goblin hits you but does no damage.
You hit the goblin. You burn the goblin.
The goblin is heavily wounded.
Something hits you.
* * * LOW HITPOINT WARNING * * *
The goblin hits you but does no damage.
You barely miss the goblin.
The goblin is heavily wounded.
Something hits you.
* * * LOW HITPOINT WARNING * * *
The goblin misses you.
You sock the goblin! You burn the goblin.
You kill the goblin!
Something hits you.
* * * LOW HITPOINT WARNING * * *
Things that are here:
a +0 dagger; a goblin corpse You hit something.
You burn something. Something hits you!
You die...

##.>.........#
############.#
#.# ########
#.# ..g@...#
#.# ######g#
#.##### #.#
#.....# #.#
#####)# #.#
#@#
#.#########.#
#.....g{...g#
#############


You could see a goblin.

Vanquished Creatures
  An orc wizard (D:2)
  An adder (D:2)
  A worm (D:2)
  2 orcs (D:2)
  3 ball pythons (D:2)
  3 endoplasms
  2 giant cockroaches
  9 goblins
  5 hobgoblins
  A quokka (D:1)
  7 bats
  3 kobolds (D:1)
38 creatures vanquished.

Notes
Turn   | Place    | Note
-------+----------+-------------------------------------------
     0 | D:1      | nickcage the Gnoll Cinder Acolyte began the quest for the
                  | Orb.
     0 | D:1      | Reached XP level 1. HP: 23/23 MP: 4/4
   362 | D:1      | Reached XP level 2. HP: 25/29 MP: 5/5
   400 | D:1      | Found a faded altar of an unknown god.
   919 | D:1      | Found Uhigelu's General Store.
  1260 | D:1      | Reached XP level 3. HP: 32/35 MP: 7/7
  1401 | D:1      | Learned a level 3 spell: Call Canine Familiar
  1461 | D:2      | Reached skill level 1 in Invocations
  1861 | D:2      | Reached skill level 1 in Short Blades
  1861 | D:2      | Reached skill level 1 in Long Blades
  1861 | D:2      | Reached skill level 1 in Axes
  1861 | D:2      | Reached skill level 1 in Polearms
  1861 | D:2      | Reached skill level 1 in Staves
  1861 | D:2      | Reached skill level 1 in Ranged Weapons
  1861 | D:2      | Reached skill level 1 in Throwing
  1861 | D:2      | Reached skill level 1 in Armour
  1861 | D:2      | Reached skill level 1 in Dodging
  1861 | D:2      | Reached skill level 1 in Stealth
  1861 | D:2      | Reached skill level 1 in Shields
  1861 | D:2      | Reached skill level 1 in Unarmed Combat
  1861 | D:2      | Reached skill level 1 in Evocations
  1871 | D:2      | Reached XP level 4. HP: 38/41 MP: 8/8
  1922 | D:2      | Reached skill level 1 in Conjurations
  1922 | D:2      | Reached skill level 1 in Hexes
  1922 | D:2      | Reached skill level 1 in Summonings
  1922 | D:2      | Reached skill level 1 in Necromancy
  1922 | D:2      | Reached skill level 1 in Translocations
  1922 | D:2      | Reached skill level 1 in Transmutations
  1922 | D:2      | Reached skill level 1 in Ice Magic
  1922 | D:2      | Reached skill level 1 in Air Magic
  1922 | D:2      | Reached skill level 1 in Earth Magic
  1922 | D:2      | Reached skill level 1 in Poison Magic
  2227 | D:2      | Noticed Sigmund
  2267 | D:2      | HP: 2/41 [something (2)]
  2269 | D:2      | Mangled by Sigmund

Illustrated notes

Levels and vault maps discovered:
D:1:      nzn_arrival_settlement, layout_basic, ebering_ecumenical_altar_ruins,
          serial_shops, nicolae_shop_behind_doors
D:2:      layout_basic, uniq_sigmund

Skill      XL: |  1  2  3  4 |
---------------+-------------+-----
Invocations    | 1 |  1.3
Short Blades   | 1 |  1.2
Long Blades    | 1 |  1.2
Axes           | 1 |  1.2
Polearms       | 1 |  1.2
Staves         | 1 |  1.2
Ranged Weapons | 1 |  1.2
Throwing       | 1 |  1.2
Armour         | 1 |  1.2
Dodging        | 1 |  1.2
Stealth        | 1 |  1.2
Shields        | 1 |  1.2
Unarmed Combat | 1 |  1.2
Evocations     | 1 |  1.2
Spellcasting   | 3 |  3.0
Conjurations   | 1 |  1.0
Hexes          | 1 |  1.0
Summonings     | 1 |  1.0
Necromancy     | 1 |  1.0
Translocations | 1 |  1.0
Transmutations | 1 |  1.0
Ice Magic      | 1 |  1.0
Air Magic      | 1 |  1.0
Earth Magic    | 1 |  1.0
Poison Magic   | 1 |  1.0
Fighting       | |  6.6
Maces & Flails | |  6.6
Fire Magic     | |  5.5

Action                   |  1- 3 |  4- 6 || total
-------------------------+-------+-------++-------
Melee: Mace              |   105 |    24 ||   129
       Bite              |     8 |     2 ||    10
       Punch             |     2 |       ||     2
Throw: Javelin           |     3 |       ||     3
       Dart              |       |     2 ||     2
  Use: Scroll            |     4 |     2 ||     6
Armor: Robe              |    33 |     6 ||    39
Dodge: Dodged            |    80 |    17 ||    97

Table legend: (Time is in decaauts)
 A = Elapsed time spent in this place.
 B = Non-inter-level travel time spent in this place.
 C = Inter-level travel time spent in this place.
 D = Time resting spent in this place.
 E = Time spent auto-exploring this place.
 F = Levels seen in this place.
 G = Mean time per level.
                   A        B        C        D        E       F      G
               +--------+--------+--------+--------+--------+-----+--------+
         Total |   2279 |   2265 |     14 |    247 |   1678 |   2 | 1139.5 |
       Dungeon |   2279 |   2265 |     14 |    247 |   1678 |   2 | 1139.5 |
               +--------+--------+--------+--------+--------+-----+--------+

Top non-repeatable levels by time:
     D:1: 1421 daAuts
     D:2: 858 daAuts
